 Dungeon Crawl Stone Soup version 0.31-a0-1074-g0b22e4e0f1 (webtiles) character file.

Game seed: 1276851214985755133

59 grandjackal the Trooper (level 3, -1/29 HPs)
             Began as a Mummy Fighter on Nov 30, 2023.
             Slain by Sigmund
             ... wielding a +0 scythe
              (7 damage)
             ... on level 2 of the Dungeon.
             The game lasted 00:01:14 (1128 turns).

grandjackal the Trooper (Mummy Fighter)             Turns: 1128, Time: 00:01:14

Health: -1/29      AC:  8    Str: 21    XL:     3   Next: 78%
Magic:  3/3        EV:  9    Int:  7    God:
Gold:   147        SH:  4    Dex: 11    Spells: 2/2 levels left

rFire   x . .        a - +0 war axe
rCold   + + .        c - +0 buckler
rNeg    + + +        b - +0 scale mail
rPois   ∞            k - +2 hat
rElec   .            (no cloak)
rCorr   .            (no gloves)
SInv    .            (no boots)
Will    .....        (no amulet) Stlth
                     g - ring of protection from cold
HPRegen 0.24/turn    (no ring)
MPRegen 0.08/turn

%: faith
@: no status effects
A: cold resistance 1, negative energy resistance 3, torment resistance 2, heat
vulnerability 1, in touch with death 1, no potions, faith
a: no special abilities


You were on level 2 of the Dungeon.
You visited 1 branch of the dungeon, and saw 2 of its levels.

You collected 147 gold pieces.

Inventory:

Hand Weapons
 a - a +0 war axe (weapon)
 h - a +3 whip of venom
Armour
 b - a +0 scale mail (worn)
 c - a +0 buckler (worn)
 k - a +2 hat (worn)
Jewellery
 g - a ring of protection from cold (left hand)
Scrolls
 d - a scroll of vulnerability {unknown}
 e - 2 scrolls of amnesia {unknown}
 f - a scroll of identify {unknown}
 i - a scroll of teleportation {unknown}
 j - a scroll of butterflies {unknown}


   Skills:
 + Level 3.5 Fighting
 + Level 2.2 Axes
 + Level 2.8 Armour
 + Level 2.8 Shields


You had 2 spell levels left.
You didn't know any spells.
Your spell library contained the following spells:

 Spells                   Type           Power      Damage    Failure   Level
 Inner Flame              Hex/Fire       0%         N/A       99%         3
 Flame Wave               Conj/Fire      0%         2d4       100%        4
 Sticky Flame             Conj/Fire      0%         2d3       100%        4


Dungeon Overview and Level Annotations

Branches:
Dungeon (2/15)

Altars:

Annotations:
D:2 Sigmund


Innate Abilities, Weirdness & Mutations

You are immune to poison.
Your flesh is cold resistant. (rC+)
You are immune to negative energy. (rN+++)
You are immune to unholy pain and torment.
You are vulnerable to heat. (rF-)
You are in touch with the powers of death.
You do not drink.
You have a special connection with the divine. (Faith)


Message History

Sigmund is heavily wounded.
Sigmund giggles. "Time to reap what you sow."
You block Sigmund's attack.
You closely miss Sigmund.
Sigmund is heavily wounded.
Sigmund smiles chillingly.
Sigmund hits you with a +0 scythe.
You hit Sigmund.
Sigmund is severely wounded.
You closely miss Sigmund.
Sigmund is severely wounded.
Sigmund hits you with a +0 scythe!
You closely miss Sigmund.
Sigmund is severely wounded.
Sigmund points at you and mumbles some strange words.
You are confused.
Sigmund points at you and mumbles some strange words.
The magic dart hits you!
* * * LOW HITPOINT WARNING * * *
Sigmund points at you and mumbles some strange words.
The puff of flame misses you.
Sigmund points at you and mumbles some strange words.
The magic dart hits you but does no damage.
You hit Sigmund but do no damage.
Sigmund is severely wounded.
Sigmund hits you with a +0 scythe.
* * * LOW HITPOINT WARNING * * *
You're too confused to move!
Sigmund giggles. "Time to reap what you sow."
Sigmund barely misses you.
You bump into the rock wall.
You miss Sigmund.
Sigmund is severely wounded.
You feel less confused. Sigmund barely misses you.
You barely miss Sigmund.
Sigmund is severely wounded.
Sigmund hits you with a +0 scythe!
You die...
Sigmund begins carving another notch in his scythe.

## ########.. ####### #..
..)....... #### ......# #.#
#......... .... ......# #.#
#......... #### ......# #.#
#.......# #### ......#
#.###.......# ##... ..†.(.#
#.#.'@......# #.... ......#
#...#.@.....# #....
......#####..##############.#....
...........>.............##.#....
#####.........##########.##.#....
#.........# #.##.#.÷..
#.........# #..#.#....
#.........###########...#.###
#.........##............#'###
#.).......##...|.....÷..÷....


You could see Sigmund.

Vanquished Creatures
  2 adders (D:2)
  A worm (D:2)
  A ball python (D:1)
  2 bats (D:2)
  6 endoplasms
  2 giant cockroaches
  2 goblins
  2 hobgoblins
  5 kobolds
  5 quokkas (D:2)
  3 frilled lizards
  4 rats (D:1)
35 creatures vanquished.

Notes
Turn   | Place    | Note
-------+----------+-------------------------------------------
     0 | D:1      | grandjackal the Mummy Fighter began the quest for the Orb.
     0 | D:1      | Reached XP level 1. HP: 18/18 MP: 1/1
   308 | D:1      | Reached XP level 2. HP: 24/24 MP: 2/2
   615 | D:2      | Reached XP level 3. HP: 27/29 MP: 3/3
  1107 | D:2      | Noticed Sigmund
  1128 | D:2      | Slain by Sigmund

Illustrated notes

Levels and vault maps discovered:
D:1:      roderic_octagonal_star, layout_basic, minmay_misc_feat_cross,
          minmay_3d_cube
D:2:      layout_basic, uniq_sigmund

Skill      XL: |  1  2 |
---------------+-------+-----
Axes           | 2 |  2.2
Fighting       | |  3.5
Armour         | |  2.8
Shields        | |  2.8

Action                     || total
---------------------------++-------
  Melee: War axe           ||   114
 Armour: Scale mail        ||    89
  Dodge: Dodged            ||    69
  Block: Buckler           ||    20

Table legend: (Time is in decaauts)
 A = Elapsed time spent in this place.
 B = Non-inter-level travel time spent in this place.
 C = Inter-level travel time spent in this place.
 D = Time resting spent in this place.
 E = Time spent auto-exploring this place.
 F = Levels seen in this place.
 G = Mean time per level.
                   A        B        C        D        E       F      G
               +--------+--------+--------+--------+--------+-----+--------+
         Total |   1176 |   1172 |      4 |      0 |    888 |   2 |  588.0 |
       Dungeon |   1176 |   1172 |      4 |      0 |    888 |   2 |  588.0 |
               +--------+--------+--------+--------+--------+-----+--------+

Top non-repeatable levels by time:
     D:2: 647 daAuts
     D:1: 529 daAuts
